 Dungeon Crawl Stone Soup version 0.30.0-29-ga12c61a403 (webtiles) character file.

Game seed: 9988304718694415517

654 booth the Conjurer (level 7, -1/48 HPs)
             Began as a Demonspawn Reaver on June 23, 2023.
             Was a Follower of Hepliaklqana.
             Succumbed to poison (poison gas)
             ... on level 5 of the Dungeon on June 24, 2023.
             The game lasted 00:27:24 (4148 turns).

booth the Conjurer (Demonspawn Reaver)              Turns: 4148, Time: 00:27:25

Health: -1/48      AC:  8    Str: 14    XL:     7   Next: 29%
Magic:  12/12      EV: 17    Int: 14    God:    Hepliaklqana [*.....]
Gold:   279        SH:  6    Dex: 12    Spells: 7/13 levels left

rFire   . . .        j - +6 hand axe "Runkeh" {freeze, Will++}
rCold   . . .        (no shield)
rNeg    . . .        q - +3 leather armour
rPois   .            (no helmet)
rElec   .            (no cloak)
rCorr   .            o - +0 pair of gloves
SInv    .            i - +0 pair of boots
Will    ++...        (no amulet)
Stlth   +            g - +5 ring of evasion
HPRegen 0.28/turn    (no ring)
MPRegen 0.13/turn

%: no passive effects
@: lethally poisoned (-1 -> -40)
A: reduced essence, large bone plates 2, foul stench 1, powered by death 2
a: Renounce Religion, Recall Ancestor, Ancestor Identity


You were on level 5 of the Dungeon.
You worshipped Hepliaklqana.
Hepliaklqana was aware of your devotion.
You visited 2 branches of the dungeon, and saw 6 of its levels.

You collected 279 gold pieces.

Inventory:

Hand Weapons
 d - a +2 dagger of venom
 h - a +0 mace
 j - the +6 hand axe "Runkeh" (weapon) {freeze, Will++}
   (You found it on level 2 of the Dungeon)

   Will:      It greatly increases your willpower.
Missiles
 l - 13 poisoned darts
 r - a throwing net
Armour
 i - a +0 pair of boots (worn)
 o - a +0 pair of gloves (worn)
 q - a +3 leather armour (worn)
Jewellery
 f - a ring of ice
 g - a +5 ring of evasion (left hand)
Wands
 b - a wand of charming (14)
Scrolls
 a - a scroll of poison
 e - 2 scrolls of butterflies
 k - 2 scrolls of vulnerability
 p - a scroll of fog
 s - a scroll of teleportation {unknown}
 t - a scroll of identify
Potions
 c - a potion of cancellation
 m - a potion of brilliance
 n - a potion of mutation
 u - a potion of resistance


   Skills:
 + Level 4.0 Fighting
 + Level 4.2 Axes
 + Level 3.5 Dodging
 + Level 3.7 Spellcasting
 + Level 4.6 Conjurations


You had 7 spell levels left.
You knew the following spells:

 Your Spells              Type           Power      Damage    Failure   Level
a - Kiss of Death         Conj/Necr      36%        2d8       10%         1
b - Momentum Strike       Conj/Tloc      18%        3d8       14%         2
c - Hailstorm             Conj/Ice       9%         3d4       28%         3

Your spell library contained the following spells:

 Spells                   Type           Power      Damage    Failure   Level
 Ignite Poison            Fire/Tmut/Pois 2%         N/A       58%         3
 Sticky Flame             Conj/Fire      9%         2d3       67%         4
 Ignition                 Fire           1%         3d3       100%        8


Dungeon Overview and Level Annotations

Branches:
Dungeon (5/15)             Temple (1/1) D:4

Altars:
Ashenzari
Cheibriados
Dithmenos
Fedhas
Gozag
Hepliaklqana
Kikubaaqudgha
Makhleb
Qazlal
Ru
Uskayaw
Vehumet
Xom
Yredelemnul

Annotations:
D:5 1 transporter


Innate Abilities, Weirdness & Mutations

Your life essence is reduced to manifest your ancestor. (-10% HP)
You are mostly covered in large bone plates. (SH +6)
You may rarely emit foul miasma when damaged in melee.
You regenerate health from kills.


Message History

You slash the gnoll sergeant zombie!
The gnoll sergeant zombie is severely damaged.
You hit the ogre zombie.
You feel sick.
The gnoll sergeant zombie closely misses you.
The ogre zombie misses you.
You slash the gnoll sergeant zombie!
The gnoll sergeant zombie is almost destroyed.
You slash the ogre zombie!
You feel sick.
You block the gnoll sergeant zombie's attack.
The ogre zombie completely misses you.
You hit the gnoll sergeant zombie. You punch the gnoll sergeant zombie.
You destroy the gnoll sergeant zombie!
You slash the ogre zombie!
You feel sick.
You feel sick. The ogre zombie misses you.
You see here a +1 spear of venom.
You hit the ogre zombie.
The ogre zombie is severely damaged.
You feel sick.
You slash the ogre zombie!
The ogre zombie is almost destroyed.
You feel sick. The ogre zombie misses you.
You hit the ogre zombie.
You destroy the ogre zombie!
You feel sick.
You are no longer poisoned.
Your Fighting skill increases to level 4!
You see here a +0 giant spiked club of venom.
You see here a +1 spear of venom.
You see here a +0 giant spiked club of venom.
You see here a +1 spear of venom.
Really walk into a travel-excluded area?
You are engulfed in poison gas.
You are poisoned.
* * * LOW HITPOINT WARNING * * *
You feel very sick.
There is an open gate here.
You are engulfed in poison gas.
You are more poisoned.
* * * LOW HITPOINT WARNING * * *
You die...

..........#.#########......###..#
.#...#...##.#☼.○☼°.○##....#####..
######....###○.°○○.○###.......#..
####.##.....#○☼#©#°☼# #..........
#.##..#.....#☼○...○○###..........
............#°○#.#°○#.#..........
)...#.......#○○.))○☼#............
##<.#......####'☼☼####...........
##........#○☼○°@°°○○#.........#.
#.........#.○○○☼○°○☼#.......###.
#......##.#○○°...°○○#.......#.#.
#####.....#○°°$$$☼○°#...........
#.#...#○○○$©(○°☼#.....####.#
##....###########.....# #...
####......©......#...# ###.
#................##.####...
##......<.........#......#..


There were no monsters in sight!

Vanquished Creatures
  Sigmund (D:4)
  A scorpion (D:5)
  A bullfrog (D:3)
  A hound (D:5)
  A sleepcap (D:5)
  A gnoll bouda (D:3)
  An iguana (D:4)
  Natasha (thrice) (D:3)
  An ogre zombie (D:5)
  6 gnolls (D:3)
  A gnoll zombie (D:5)
  4 adders
  2 worms
  2 dart slugs
  5 orcs (D:5)
  3 bats
  3 endoplasms
  6 giant cockroaches
  4 goblins
  7 hobgoblins
  7 jackals (D:1)
  3 quokkas
  5 ball pythons
  6 frilled lizards
  6 kobolds (D:1)
  3 rats
84 creatures vanquished.

Vanquished Creatures (others)
  An ancestor (D:5)
1 creature vanquished.

Grand Total: 85 creatures vanquished

Notes
Turn   | Place    | Note
-------+----------+-------------------------------------------
     0 | D:1      | booth the Demonspawn Reaver began the quest for the Orb.
     0 | D:1      | Reached XP level 1. HP: 16/16 MP: 3/3
   191 | D:1      | Gained mutation: You regenerate a little health from kills.
                  | [demonic ancestry]
   191 | D:1      | Reached XP level 2. HP: 22/22 MP: 5/5
   203 | D:1      | Learned a level 2 spell: Momentum Strike
   590 | D:1      | Reached XP level 3. HP: 18/28 MP: 6/6
   823 | D:1      | Learned a level 3 spell: Hailstorm
  1172 | D:2      | Found a hazy altar of Hepliaklqana.
  1214 | D:2      | Identified the +6 hand axe "Runkeh" {freeze, Will++}
  1783 | D:3      | Gained mutation: You are partially covered in large bone
                  | plates. (SH +4) [demonic ancestry]
  1783 | D:3      | Reached XP level 4. HP: 29/32 MP: 7/7
  1972 | D:3      | Noticed Natasha
  1981 | D:3      | Killed Natasha
  1982 | D:3      | Gained mutation: You regenerate health from kills. [demonic
                  | ancestry]
  1982 | D:3      | Reached XP level 5. HP: 38/40 MP: 9/9
  2005 | D:3      | Found a shadowy altar of Dithmenos.
  2144 | D:3      | Noticed Natasha
  2219 | D:3      | Killed Natasha
  2220 | D:3      | Gained mutation: You may rarely emit foul miasma when
                  | damaged in melee. [demonic ancestry]
  2220 | D:3      | Reached XP level 6. HP: 46/47 MP: 10/10
  2302 | D:3      | Noticed Natasha
  2317 | D:3      | Killed Natasha
  2486 | D:4      | Found a staircase to the Ecumenical Temple.
  2712 | D:4      | Noticed Sigmund
  2763 | D:4      | Killed Sigmund
  2866 | D:4      | Found a snail-covered altar of Cheibriados.
  2992 | Temple   | Entered the Ecumenical Temple
  3183 | D:2      | Became a worshipper of Hepliaklqana the Forgotten
  3499 | D:5      | Entered Level 5 of the Dungeon
  3499 | D:5      | Found a transporter.
  3561 | D:5      | Gained mutation: You are mostly covered in large bone
                  | plates. (SH +6) [demonic ancestry]
  3561 | D:5      | Reached XP level 7. HP: 49/53 MP: 12/12
  3605 | D:5      | Found a burning altar of Makhleb.
  3813 | D:5      | Reached * piety under Hepliaklqana
  3898 | D:5      | Found a transporter.
  4148 | D:5      | Succumbed to poison (poison gas)

Illustrated notes

Levels and vault maps discovered:
D:1:      spicycebolla_arrival_xxxplode, layout_loops_ring, minmay_lizard_king
D:2:      layout_rooms, basic_altar
D:3:      layout_loops_ring, nicolae_overflow_crystal_walls, uniq_natasha
D:4:      layout_cave_pools, cheibriados_altar_1,
          nicolae_elyvilon_peaceful_grove, minmay_temple_entry_mini_moons,
          grunt_decor_resistance, uniq_sigmund
D:5:      gammafunk_cloud_chamber, layout_cave_pools, old_standard_altar
Temple:   nicolae_temple_bog_church

Skill      XL: |  1  2  3  4  5  6  7 |
---------------+----------------------+-----
Dodging        | 2 3 |  3.5
Axes           | 3 4 |  4.2
Fighting       | 3 4 |  4.0
Spellcasting   | 3 |  3.7
Conjurations   | 4 |  4.6

Action                     |  1- 3 |  4- 6 |  7- 9 || total
---------------------------+-------+-------+-------++-------
  Melee: Hand axe          |   138 |   101 |    25 ||   264
         Punch             |     1 |     1 |     2 ||     4
   Cast: Kiss of Death     |     1 |       |       ||     1
 Invoke: Recall Ancestor   |       |       |     1 ||     1
         Ancestor Identity |       |       |     1 ||     1
    Use: Scroll            |     4 |     4 |       ||     8
         Potion            |       |     2 |       ||     2
   Stab: Sleeping          |       |     1 |       ||     1
 Armour: Leather armour    |    31 |     7 |     5 ||    43
  Dodge: Dodged            |    82 |    70 |    14 ||   166
  Block: Other             |       |    15 |     5 ||    20
